 Dungeon Crawl Stone Soup version 0.31.0-12-g77e489cdc1 (webtiles) character file.

Game seed: 4009782977833909936

72 spaghetti the Charlatan (level 4, -1/40 HPs)
             Began as a Naga Artificer on Mar 5, 2024.
             Killed from afar by an orc wizard (6 damage)
             ... with a magic dart
             ... on level 4 of the Dungeon.
             The game lasted 00:03:37 (2551 turns).

spaghetti the Charlatan (Naga Artificer)            Turns: 2551, Time: 00:03:37

Health: -1/40      AC:  3    Str: 20 (22) XL:     4   Next: 25%
Magic:  4/4        EV:  9    Int: 12      God:
Gold:   199        SH:  0    Dex: 10 (11) Spells: 3/3 levels left

rFire   . . .        a - +0 club (freeze)
rCold   . . .        (no shield)
rNeg    . . .        b - +0 leather armour
rPois   +            (no helmet)
rElec   .            (no cloak)
rCorr   .            (no gloves)
SInv    +            (no barding)
Will    .....        (no amulet)
Stlth   +            f - +6 ring of strength
HPRegen 0.26/turn    (no ring)
MPRegen 0.09/turn

%: no passive effects
@: studying Air Magic, invisible, very slow
A: AC +1, large, see invisible, deformed body, poison resistance, slowness 2,
spit poison 1, naga tail 1
a: Spit Poison


You were on level 4 of the Dungeon.
You visited 1 branch of the dungeon, and saw 4 of its levels.

You collected 199 gold pieces.

Inventory:

Hand Weapons
 a - a +0 club of freezing (weapon)
Armour
 b - a +0 leather armour (worn)
Jewellery
 f - a +6 ring of strength (left hand)
Talismans
 m - a storm talisman
Wands
 c - a wand of flame (13)
 d - a wand of charming (15)
 e - a wand of iceblast (5)
Scrolls
 i - a scroll of noise
 l - a scroll of amnesia
Potions
 h - a potion of brilliance
 k - 2 potions of haste {unknown}


   Skills:
 + Level 2.4 Fighting
 + Level 2.3 Armour
 + Level 1.9 Dodging
 - Level 1.5 Stealth
 - Level 3.0 Evocations


You had 3 spell levels left.
You didn't know any spells.
Your spell library was empty.

Dungeon Overview and Level Annotations

Branches:
Dungeon (4/15)
 Temple: D:4-7

Altars:
Elyvilon


Innate Abilities, Weirdness & Mutations

Your serpentine skin is tough. (AC +1)
You have supernaturally acute eyesight. (SInv)
Armour fits poorly on your strangely shaped body.
Your system is resistant to poisons. (rPois)
You cover ground very slowly.
You can spit poison.
You have a snake-like lower body.


Message History

You are too injured to fight recklessly!
There are monsters nearby!
There are monsters nearby!
You can't do that yet.
Unknown command.
Unknown command.
Unknown command.
Unknown command.
You barely miss the orc wizard. The orc hits you but does no damage.
The orc wizard hits you with a +0 dagger.
You hit the orc wizard but do no damage.
The orc hits you with a +0 flail.
The orc wizard hits you with a +0 dagger.
You closely miss the orc wizard.
You have got your breath back.
The orc barely misses you.
The orc wizard gestures at you while chanting.
The puff of flame hits you.
You barely miss the orc wizard. The orc hits you with a +0 flail.
The orc wizard gestures at you while chanting.
You are confused.
The orc wizard hits you with a +0 dagger.
The orc hits you with a +0 flail.
* * * LOW HITPOINT WARNING * * *
You closely miss the orc wizard.
The orc wizard hits you with a +0 dagger.
* * * LOW HITPOINT WARNING * * *
The orc hits you with a +0 flail!
* * * LOW HITPOINT WARNING * * *
Unknown command.
You feel better. The orc barely misses you.
The orc wizard hits you with a +0 dagger.
* * * LOW HITPOINT WARNING * * *
Okay, then.
You fade into invisibility!
The orc hits you with a +0 flail.
* * * LOW HITPOINT WARNING * * *
The orc wizard casts a spell at you. The magic dart hits you.
You die...

....#.#.#
....#.#.#####
#............#
#....#.#.###.#######
#....#.#.###........
#............#######
####.#.##.$).#
#.........####
#.....@.......
#....oo.#.####
#...>.###.# #...#.
#.# #..... ..
>...... # .......
>......


You could see an orc wizard (unable to see you) and an orc (unable to see you).

Vanquished Creatures
  A gnoll (D:3)
  An adder skeleton (D:3)
  A dart slug (D:1)
  2 ribbon worms
  An orc (D:4)
  6 ball pythons
  9 endoplasms
  2 giant cockroaches
  6 goblins
  2 hobgoblins (D:1)
  3 jackals (D:1)
  2 kobolds
  2 quokkas
  5 bats
  2 frilled lizards (D:2)
  4 rats
49 creatures vanquished.

Notes
Turn   | Place    | Note
-------+----------+-------------------------------------------
     0 | D:1      | spaghetti the Naga Artificer began the quest for the Orb.
     0 | D:1      | Reached XP level 1. HP: 18/18 MP: 1/1
   169 | D:1      | Reached skill level 1 in Dodging
   218 | D:1      | Reached XP level 2. HP: 4/25 MP: 2/2
   722 | D:1      | Reached XP level 3. HP: 32/32 MP: 3/3
  2162 | D:2      | Found a white marble altar of Elyvilon.
  2169 | D:2      | Identified a scroll of acquirement
  2169 | D:2      | Acquired a manual of Air Magic
  2415 | D:3      | Reached XP level 4. HP: 40/40 MP: 4/4
  2549 | D:4      | HP: 2/40 [orc/+0 flail (8)]
  2551 | D:4      | Killed from afar by an orc wizard

Illustrated notes

Levels and vault maps discovered:
D:1:      lightli_arrival_flooded_house, layout_loops_corners,
          minmay_tetromino_i4
D:2:      layout_loops_ring, basic_altar, chequers_big_river
D:3:      layout_loops_ring, serial_undead, serial_undead_d, serial_undead_b,
          serial_undead_c, serial_undead_c, hangedman_feature_mirror,
          grunt_ministairs_1
D:4:      layout_basic, minmay_temple_entry_glass, minmay_box_of_dots

Skill      XL: |  1  2  3 |
---------------+----------+-----
Dodging        | 1 |  1.9
Armour         | 2 |  2.3
Fighting       | 2 |  2.4
Stealth        | |  1.5
Evocations     | |  3.0

Action                     |  1- 3 |  4- 6 || total
---------------------------+-------+-------++-------
  Melee: Club              |    72 |    21 ||    93
         Punch             |     1 |       ||     1
Ability: Spit Poison       |    39 |     4 ||    43
  Evoke: Wand              |     2 |       ||     2
    Use: Potion            |     4 |     2 ||     6
         Scroll            |     7 |       ||     7
 Armour: Leather armour    |    70 |    42 ||   112
  Dodge: Dodged            |    37 |    26 ||    63
